 Dungeon Crawl Stone Soup version 0.29.0-4-gdea44cf6ec (webtiles) character file.

Game seed: 10155548951117160392

40 qw the Ruffian (level 3, -1/28 HPs)
             Began as a Ghoul Fire Elementalist on Aug 29, 2022.
             Slain by a scorpion (3 damage)
             ... on level 3 of the Dungeon.
             The game lasted 00:01:16 (1758 turns).

qw the Ruffian (Ghoul Fire Elementalist)            Turns: 1758, Time: 00:01:16

Health: -1/28      AC:  8    Str: 13    XL:     3   Next: 50%
Magic:  4/4        EV:  5    Int: 10    God:
Gold:   96         SH:  0    Dex:  9    Spells: 4/5 levels left

rFire   . . .      SeeInvis .     - Unarmed
rCold   + . .      Faith    .   (no shield)
rNeg    + + +      Spirit   .   b - +0 chain mail
rPois   inf        Reflect  .   (no helmet)
rElec   .          Harm     .   (no cloak)
rCorr   .          Rampage  .   (no gloves)
Will    .....                   (no boots)
Stlth   ..........              (no amulet)
HPRegen 0.00/turn               f - +4 ring of slaying {mikee}
MPRegen 0.09/turn               (no ring)

@: inhibited regen
A: claws 1, cold resistance 1, negative energy resistance 3, inhibited
regeneration, torment resistance 2, devour on kill
a: no special abilities


You were on level 3 of the Dungeon.
You visited 1 branch of the dungeon, and saw 3 of its levels.

You collected 96 gold pieces.


Innate Abilities, Weirdness & Mutations

You are immune to poison.
You have sharp fingernails.
Your flesh is cold resistant. (rC+)
You are immune to negative energy. (rN+++)
You do not regenerate when monsters are visible.
You are immune to unholy pain and torment.
You thrive by killing the living.


   Skills:
 - Level 1.0 Fighting
 - Level 1.7 Dodging
 - Level 2.1 Stealth
 + Level 3.0 Unarmed Combat
 - Level 1.7 Spellcasting
 - Level 0.7 Conjurations
 - Level 2.4 Fire Magic


You had 4 spell levels left.
You knew the following spells:

 Your Spells              Type           Power      Damage    Failure   Level
a - Foxfire               Conj/Fire      16%        2x1d4     99%         1

Your spell library contained the following spells:

 Spells                   Type           Power      Damage    Failure   Level
 Scorch                   Fire           10%        2d6       100%        2
 Conjure Flame            Conj/Fire      4%         6-21      100%        3
 Inner Flame              Hex/Fire       3%         N/A       100%        3
 Flame Wave               Conj/Fire      4%         2d5       100%        4

Inventory:

Armour
 b - a +0 chain mail (worn)
Jewellery
 f - a +4 ring of slaying (left claw) {mikee}
Scrolls
 a - a scroll of fear {unknown}
 j - 2 scrolls of identify
Potions
 d - a potion of berserk rage {unknown}
 h - a potion of heal wounds {unknown}
 i - a potion of lignification {unknown}

Dungeon Overview and Level Annotations

Branches:
Dungeon (3/15)

Altars:


Message History

The scorpion is lightly wounded.
The scorpion stings you but does no damage.
You barely miss the scorpion.
The scorpion is lightly wounded.
The scorpion stings you but does no damage. x2
The orc priest calls down the wrath of Beogh upon you.
Beogh smites you!
You hear a shout!
You scratch the scorpion but do no damage.
The scorpion is lightly wounded.
The scorpion stings you.
You barely miss the scorpion.
The scorpion is lightly wounded.
The scorpion closely misses you.
The orc priest looks encouraged for a moment.
You closely miss the scorpion.
The scorpion is lightly wounded.
The scorpion barely misses you.
You closely miss the scorpion.
The scorpion is lightly wounded.
The scorpion stings you.
You barely miss the scorpion.
The scorpion is lightly wounded.
The scorpion stings you but does no damage.
You scratch the scorpion.
The scorpion is moderately wounded.
The scorpion barely misses you.
You closely miss the scorpion.
The scorpion is moderately wounded.
The scorpion barely misses you. x2
You scratch the scorpion.
The scorpion is moderately wounded.
The scorpion barely misses you.
You barely miss the scorpion.
The scorpion is moderately wounded.
The scorpion stings you but does no damage.
You claw the scorpion!
The scorpion is almost dead.
The scorpion stings you.
You die...

######### #.#
#.......##.#.#
#.......##.#.#######
#.....[.##.#........
#.......##.#........
#.......##.#.......o
#.......##.#o.......
#.......##.#s#
#....)......@#
#............#
####'##(.....#
#.##......#
#.#####.#.#######
#.# ##.#........ #.#
#...######## #.#
#...#
#.####...#########


You could see a scorpion and an orc priest.

Vanquished Creatures
  A worm (D:2)
  An orc (D:3)
  A bat (D:1)
  5 endoplasms
  2 giant cockroaches
  4 goblins
  8 hobgoblins
  A quokka (D:1)
  2 ball pythons
  2 frilled lizards (D:1)
  3 kobolds (D:1)
  2 rats
32 creatures vanquished.

Notes
Turn   | Place    | Note
-------+----------+-------------------------------------------
     0 | D:1      | qw the Ghoul Fire Elementalist began the quest for the Orb.
     0 | D:1      | Reached XP level 1. HP: 14/14 MP: 2/2
     0 | D:1      | 0 ||| qw: Version: 0.1-a-90-g952f4b7
     0 | D:1      | 0 ||| qw: Game counter: 3859
     0 | D:1      | 0 ||| qw: Always use a shield: true
     0 | D:1      | 0 ||| qw: God list: Okawaru
     0 | D:1      | 0 ||| qw: Allow faded altars: false
     0 | D:1      | 0 ||| qw: Do Orc after D:15 true
     0 | D:1      | 0 ||| qw: Do second Lair branch before Depths: true
     0 | D:1      | 0 ||| qw: Lair rune preference: random
     0 | D:1      | 0 ||| qw: Plans: Normal
     0 | D:1      | 0 ||| PLANNING D:1-11
   120 | D:1      | 120 ||| Stepping ~*~*~tactically~*~*~ (stealth).
   121 | D:1      | 121 ||| Stepping ~*~*~tactically~*~*~ (stealth).
   129 | D:1      | Reached skill level 1 in Unarmed Combat
   211 | D:1      | Reached skill level 1 in Fighting
   211 | D:1      | Reached XP level 2. HP: 23/23 MP: 3/3
   395 | D:1      | 395 ||| Stepping ~*~*~tactically~*~*~ (stealth).
   401 | D:1      | Found a faded altar of an unknown god.
   447 | D:1      | 447 ||| Stepping ~*~*~tactically~*~*~ (stealth).
   635 | D:1      | Reached skill level 2 in Unarmed Combat
   812 | D:1      | 812 ||| UPGRADING to +4 ring of slaying {mikee}.
   813 | D:1      | 813 ||| READING 2 scrolls labelled HANAQEUKEF.
   814 | D:1      | 814 ||| READING scroll labelled XAURHUC RIBUIS.
   815 | D:1      | 815 ||| READING 2 scrolls labelled OGRETANOTO.
   916 | D:1      | 916 ||| DROPPING potion of magic.
   917 | D:1      | 917 ||| DROPPING scroll of amnesia.
   918 | D:1      | 918 ||| DROPPING scroll of silence.
  1073 | D:2      | Reached XP level 3. HP: 28/28 MP: 4/4
  1346 | D:2      | 1346 ||| Stepping ~*~*~tactically~*~*~ (stealth).
  1347 | D:2      | 1347 ||| Stepping ~*~*~tactically~*~*~ (stealth).
  1348 | D:2      | 1348 ||| Stepping ~*~*~tactically~*~*~ (stealth).
  1630 | D:2      | 1630 ||| UPGRADING to +0 chain mail.
  1640 | D:2      | 1640 ||| DROPPING +0 robe.
  1641 | D:2      | 1641 ||| READING scroll labelled PISTRI KOGGYTITT.
  1642 | D:2      | 1642 ||| READING 2 scrolls labelled AHITIXEJAU.
  1643 | D:2      | 1643 ||| READING scroll labelled OMYNAM BAIVE.
  1703 | D:3      | Reached skill level 3 in Unarmed Combat
  1740 | D:3      | Noticed a scorpion
  1741 | D:3      | 1741 ||| Stepping ~*~*~tactically~*~*~ (stealth).
  1745 | D:3      | 1745 ||| Stepping ~*~*~tactically~*~*~ (hiding).
  1749 | D:3      | HP: 7/28 [scorpion (1)]
  1752 | D:3      | HP: 2/28 [scorpion (5)]
  1758 | D:3      | Slain by a scorpion

Levels and vault maps discovered:
D:1:      nicolae_arrival_somewhat_less_tricky_arrival, layout_loops_ring,
          ebering_ecumenical_altar_webs
D:2:      layout_loops_ring, minmay_pentomino_o2
D:3:      layout_basic, zin_academy, uniq_natasha

Skill      XL: |  1  2  3 |
---------------+----------+-----
Unarmed Combat | 1 2 3 |  3.0
Fighting       | 1 |  1.0
Dodging        | |  1.7
Stealth        | |  2.1
Spellcasting   | |  1.7
Conjurations   | |  0.7
Fire Magic     | |  2.4

Action                   || total
-------------------------++-------
Melee: Unarmed           ||    68
       Punch             ||     1
Throw: Javelin           ||    29
  Use: Scroll            ||     6
Armor: Robe              ||     8
       Chain mail        ||     6
Dodge: Dodged            ||    25

Table legend:
 A = Non-vault XP
 B = Vault XP
 C = Vault XP percentage of total XP
 D = Non-vault monster count
 E = Vault monster count
 F = Vault count percentage of total count
                 A         B        C        D         E       F
            +---------+---------+-------+---------+---------+-------
      Total |      54 |       4 |   6.9 |      30 |       2 |   6.2
            +---------+---------+-------+---------+---------+-------
        D:1 |      24 |       0 |   0.0 |      16 |       0 |   0.0
        D:2 |      23 |       4 |  14.8 |      11 |       2 |  15.4
        D:3 |       7 |       0 |   0.0 |       3 |       0 |   0.0
            +---------+---------+-------+---------+---------+-------
